Map: Moonlight Madness LE (Void)

Players

wulu - Winner!

  • Race: Zerg Zerg
  • League: Silver

Javert

  • Race: Zerg Zerg
  • League: Silver

VOD

Have the link to the VOD?

Description

Time

  • Played on: July 19, 2015, 11:54 p.m.
  • Length: 12:30
Show
View Real Time Build Order
Export as new Build Order

wulu Zerg - Winner!

Build Orders: Hatch First, Lurkers 

Get SALT Encoding   

  12  0:01  Drone  
  13  0:09  Drone  
  14  0:18  Overlord  
  14  0:37  Drone x2  
  14  0:38  Drone  
  17  0:48  Drone  
  18  1:03  Hatchery  
  17  1:09  Spawning Pool  
  16  1:12  Drone  
  16  1:16  Drone  
  18  1:23  Drone  
  19  1:27  Extractor  
  19  1:29  Extractor  
  19  1:31  Drone  
  18  1:42  Overlord  
  18  2:04  Queen  
  20  2:11  Drone  
  20  2:12  Drone  
  20  2:14  Queen  
  24  2:16  Drone x2  
  26  2:26  Drone x2  
  28  2:30  Metabolic Boost  
  28  2:38  Drone x2  
  30  2:50  Drone x2  
  33  2:58  Zergling x4  
  32  3:25  Lair  
  32  3:27  Drone x4  
  33  3:28  Overlord  
  33  3:29  Overlord  
  33  3:34  Extractor  
  35  3:36  Extractor  
  34  3:48  Drone  
  34  3:49  Drone x6  
  40  4:11  Zergling x2  
  40  4:12  Zergling x16  
  48  4:23  Roach Warren  
  47  4:37  Drone  
  47  4:38  Drone  
  49  4:39  Drone x3  
  49  4:41  Overlord x2  
  52  4:49  Hydralisk Den  
  48  5:09  Lurker Den, Zergling x2  
  45  5:16  Roach  
  46  5:25  Hydralisk  
  46  5:26  Hydralisk x8  
  63  5:33  Drone  
  63  5:34  Drone x2  
  66  5:36  Overlord  
  66  5:39  Drone  
  66  5:40  Drone  
  68  6:01  Drone x2  
  68  6:03  Hatchery  
  69  6:06  Roach x3  
  69  6:08  Overlord x2  
  75  6:22  Overlord  
  75  6:34  Zergling x4  
  75  6:35  Zergling x14  
  83  6:49  Lurker x4  
  87  6:57  Glial Reconstitution  
  78  7:33  Hydralisk  
  78  7:34  Hydralisk x9  
  89  7:50  Lurker x4  
  91  7:53  Queen  
  91  7:55  Drone x5  
  96  8:11  Evolution Chamber x2  
  96  8:12  Muscular Augments  
  73  8:30  Zergling x2  
  73  8:31  Zergling x16  
  80  8:43  Hydralisk x7  
  80  8:44  Hydralisk x2  
  98  8:54  Overlord x2  
  98  8:55  Overlord  
  71  9:18  Lurker x4  
  71  9:19  Lurker  
  71  9:20  Roach x10  
  71  9:21  Roach x4  
  71  9:23  Extractor  
  71  9:24  Extractor  
  102  9:29  Roach  
  102  9:30  Roach x3  
  110  9:38  Roach  
  112  9:41  Zerg Missile Weapons Level 1, Zerg Ground Armor Level 1  
  112  9:54  Roach  
  112  9:55  Roach x4  
  112  9:57  Overlord  
  112  9:58  Overlord  
  92  10:44  Roach x6  
  92  10:45  Roach x10  
  92  10:49  Roach  
  120  10:50  Roach x2  
  113  11:01  Hydralisk  
  113  11:02  Hydralisk x2  
  111  11:13  Roach x5  
  116  11:18  Hydralisk  
  103  11:34  Hydralisk x3  
  97  11:49  Hydralisk  
  97  11:58  Hydralisk  
  97  11:59  Hydralisk x4  
Show
View Real Time Build Order
Export as new Build Order

Javert Zerg 

Build Orders: Hatch First 

Get SALT Encoding   

  12  0:01  Drone  
  13  0:13  Overlord  
  13  0:17  Drone  
  14  0:31  Drone x2  
  16  0:36  Drone  
  17  0:53  Hatchery  
  16  0:59  Drone x2  
  18  1:10  Extractor  
  17  1:16  Spawning Pool  
  17  1:18  Drone  
  17  1:20  Drone  
  18  1:31  Drone  
  19  1:40  Overlord  
  19  1:51  Drone  
  20  2:04  Queen  
  20  2:05  Queen  
  24  2:09  Zergling x4  
  24  2:13  Metabolic Boost  
  26  2:16  Drone x2  
  28  2:24  Drone  
  29  2:30  Drone  
  29  2:34  Drone  
  31  2:38  Drone  
  32  2:49  Drone x2  
  34  3:03  Drone  
  34  3:04  Drone  
  35  3:15  Overlord  
  34  3:31  Drone x2  
  36  3:36  Hatchery  
  36  3:39  Roach Warren  
  36  3:41  Evolution Chamber, Drone x6  
  36  3:42  Drone x3  
  36  3:47  Extractor  
  41  3:50  Queen  
  41  3:52  Overlord  
  41  3:53  Overlord  
  43  4:03  Zergling x2  
  41  4:15  Drone x4  
  41  4:16  Drone x3  
  48  4:19  Zerg Missile Weapons Level 1  
  48  4:27  Queen, Extractor  
  48  4:30  Lair  
  49  4:37  Overlord x2  
  49  4:39  Extractor  
  49  4:42  Overlord  
  49  4:43  Overlord  
  47  4:47  Zergling x12  
  47  5:29  Glial Reconstitution  
  47  5:39  Drone  
  47  5:40  Drone x12  
  60  5:51  Drone x5  
  65  5:58  Roach x3  
  65  6:03  Hydralisk Den  
  70  6:14  Roach x4  
  70  6:18  Overlord x2  
  78  6:21  Zerg Missile Weapons Level 2  
  78  6:24  Roach x2  
  82  6:26  Overlord x2  
  82  6:33  Lurker Den  
  82  6:44  Roach x6  
  82  6:45  Roach x3  
  93  6:51  Ravager x5  
  93  6:53  Drone x2  
  100  6:57  Drone  
  100  6:58  Evolution Chamber  
  100  7:04  Overlord x2  
  100  7:05  Drone x2  
  102  7:12  Overseer x4  
  98  7:30  Roach x9  
  108  7:51  Spire  
  108  7:54  Drone x10  
  108  7:57  Extractor  
  108  7:58  Extractor  
  115  8:02  Ravager  
  115  8:03  Overlord  
  105  8:22  Roach x5  
  94  8:29  Roach x6  
  94  8:33  Ravager x2  
  108  8:39  Roach x2  
  108  8:40  Roach  
  109  8:42  Zerg Ground Armor Level 1  
  109  8:46  Zergling x8  
  91  9:12  Roach  
  91  9:13  Roach x10  
  108  9:20  Drone  
  108  9:31  Zergling x6  
  111  9:43  Roach x7  
  125  9:51  Overlord x4  
  122  9:54  Hatchery  
  122  9:55  Ravager x2, Extractor  
  122  9:56  Ravager x4  
  122  9:57  Extractor  
  123  10:05  Roach x8  
  116  10:14  Burrow  
  104  10:26  Overlord  
  104  10:29  Roach x4  
  104  10:30  Roach x4  
  120  10:36  Overlord x2  
  114  10:48  Roach x4  
  84  10:58  Roach x9  
  96  11:18  Roach x4  
  94  11:21  Queen x2  
  96  11:27  Infestation Pit  
  96  11:30  Roach Warren, Roach x3  
  100  11:39  Roach x6  
  106  11:40  Roach  
  96  11:49  Roach  
  96  11:50  Roach x2  
  87  12:07  Zergling x2  
  87  12:08  Zergling x10  
Tags
 
Add a new tag
Caveats
  • Supply blocks, unpowered buildings, or Contaminate may cause inaccurate times.
  • Supply counts are checked every 10 seconds.